 Dungeon Crawl Stone Soup version 0.29.1-2-gbd0b4ee654 (webtiles) character file.

Game seed: 10650382568103074760

16 funnyparkerb the Sneak (level 2, -1/15 HPs)
             Began as a Vine Stalker Brigand on Nov 9, 2022.
             Slain by Sigmund
             ... wielding a +0 scythe
              (6 damage)
             ... on level 2 of the Dungeon.
             The game lasted 00:00:57 (737 turns).

funnyparkerb the Sneak (Vine Stalker Brigand)        Turns: 737, Time: 00:00:57

Health: -1/15      AC:  3    Str: 13    XL:     2   Next: 58%
Magic:  0/3        EV: 12    Int: 11    God:
Gold:   40         SH:  0    Dex: 15    Spells: 1/1 levels left

rFire   . . .      SeeInvis .   a - +2 dagger
rCold   . . .      Faith    .   (no shield)
rNeg    . . .      Spirit   +   b - +0 robe
rPois   .          Reflect  .   h - +0 hat
rElec   .          Harm     .   c - +0 cloak
rCorr   .          Rampage  .   (no gloves)
Will    .....                   (no boots)
Stlth   +++.......              (no amulet)
HPRegen 0.05/turn               (no ring)
MPRegen 0.08/turn               (no ring)

@: lethally poisoned (-1 -> -6)
A: fangs 2, magic shield, antimagic bite, no potion heal 2
a: no special abilities


You were on level 2 of the Dungeon.
You visited 1 branch of the dungeon, and saw 2 of its levels.

You collected 40 gold pieces.

Inventory:

Hand Weapons
 a - a +2 dagger (weapon)
Missiles
 d - a poisoned dart (quivered)
 e - a curare-tipped dart
Armour
 b - a +0 robe (worn)
 c - a +0 cloak (worn)
 h - a +0 hat (worn)
Scrolls
 g - a scroll of summoning {unknown}
Potions
 f - a potion of ambrosia {unknown}


   Skills:
 * Level 2.2 Fighting
 + Level 2.0 Short Blades
 - Level 1.7 Throwing
 * Level 1.3 Dodging
 - Level 4.8 Stealth


You had one spell level left.
You didn't know any spells.
Your spell library contained the following spells:

 Spells                   Type           Power      Damage    Failure   Level
 Apportation              Tloc           0%         N/A       34%         1
 Necrotise                Necr           0%         1d4       34%         1
 Summon Small Mammal      Summ           0%         N/A       34%         1


Dungeon Overview and Level Annotations

Branches:
Dungeon (2/15)

Altars:

Annotations:
D:2 Sigmund


Innate Abilities, Weirdness & Mutations

You have extremely sharp teeth.
When hurt, damage is shared between your health and your magic reserves.
Your bite disrupts and absorbs the magic of your enemies.
Potions cannot restore your health.


Message History

Sigmund is moderately wounded.
You throw a poisoned dart.
The poisoned dart barely misses Sigmund.
Sigmund gestures at you while chanting. The magic dart hits you!
A giant cockroach comes into view.
You throw a poisoned dart.
The poisoned dart closely misses Sigmund.
You throw a poisoned dart.
The poisoned dart barely misses Sigmund.
An adder comes into view.
You throw a poisoned dart.
The poisoned dart barely misses Sigmund.
The adder hisses angrily.
You throw a poisoned dart.
The poisoned dart hits the giant cockroach.
The giant cockroach is poisoned.
You throw a poisoned dart.
The poisoned dart closely misses the giant cockroach.
You kill the giant cockroach!
You throw a poisoned dart. The poisoned dart hits Sigmund.
Sigmund looks even sicker.
Sigmund is heavily wounded.
You throw a poisoned dart. The poisoned dart hits Sigmund.
Sigmund looks even sicker.
Sigmund is heavily wounded.
Sigmund casts a spell.
Sigmund flickers and vanishes!
Deactivating autopickup; reactivate with Ctrl-A.
The adder closely misses you.
You closely miss the adder. The adder bites you.
You are lethally poisoned!
The adder poisons you! The adder bites you but does no damage.
Throw: 2 darts (curare)
Press: ? - help, Shift-Dir - straight line, f - adder
Aim: an adder (40% to hit)
You throw a curare-tipped dart.
The curare-tipped dart barely misses the adder.
You feel sick. Something hits you!
You die...

#.#.......#
#.#.#######
#.#.#
#<#.########
.
#..........#
..
##########.#
... #.....#
#.# (...
##.##[# #.#
.!(.. #@##.#
#.#
....(.#S##.#
#.#
#(({(##.#
#.#
.......###.#
#.# ...##.#
#.# #.# $.
#. #.# #.#
#.####.# #.#
# #....# #.#
#.#######.#


You could see an adder.

Vanquished Creatures
  2 endoplasms (D:1)
  A giant cockroach (D:2)
  4 goblins (D:1)
  A kobold (D:1)
  A ball python (D:1)
  2 bats (D:1)
  4 rats (D:1)
15 creatures vanquished.

Notes
Turn   | Place    | Note
-------+----------+-------------------------------------------
     0 | D:1      | funnyparkerb the Vine Stalker Brigand began the quest for
                  | the Orb.
     0 | D:1      | Reached XP level 1. HP: 11/11 MP: 2/2
    51 | D:1      | Reached skill level 1 in Dodging
   188 | D:1      | Reached XP level 2. HP: 15/15 MP: 3/3
   724 | D:2      | Noticed Sigmund
   737 | D:2      | Slain by Sigmund

Illustrated notes

Levels and vault maps discovered:
D:1:      kennysheep_arrival_forest, layout_rooms
D:2:      layout_basic, uniq_sigmund, uniq_crazy_yiuf_cottage

Skill      XL: |  1  2 |
---------------+-------+-----
Dodging        | 1 |  1.3
Fighting       | 2 |  2.2
Short Blades   | 2 |  2.0
Throwing       | |  1.7
Stealth        | |  4.8

Action                   || total
-------------------------++-------
Melee: Dagger            ||    23
       Bite              ||     5
Throw: Dart              ||    11
 Stab: Sleeping          ||     6
Armor: Robe              ||     5
Dodge: Dodged            ||     6
